 Dungeon Crawl Stone Soup version 0.20.1-1-g8b1a95d (webtiles) character file.

12789 Liatris the Cleaver (level 11, 0/86 HPs)
             Began as a Demonspawn Gladiator on Aug 16, 2017.
             Was a High Priest of Okawaru.
             Killed from afar by an electric eel (7 damage)
             ... with a bolt of electricity
             ... on level 2 of the Lair of Beasts.
             The game lasted 00:50:51 (10697 turns).

Liatris the Cleaver (Demonspawn Gladiator)         Turns: 10697, Time: 00:50:52

Health: 0/86       AC: 18    Str: 16    XL:     11   Next: 67%
Magic:  0/11       EV: 14    Int: 11    God:    Okawaru [*****.]
Gold:   581        SH:  6    Dex: 22    Spells: 10/10 levels left

rFire    . . .     SeeInvis .   D - +2 trident (flame)
rCold    . . .     Gourm    .   s - +0 buckler
rNeg     + . .     Faith    .   x - +6 scale mail "Siceutieb" {Dex+4 Stlth+}
rPois    .         Spirit   +   c - +0 helmet
rElec    .         Reflect  .   J - +0 cloak
rCorr    .         Harm     .   (no gloves)
MR       .....                  (no boots)
Stlth    ++++......             (no amulet)
Regen    0.3/turn               k - ring of positive energy
MPRegen  0.2/turn               u - +3 ring of dexterity

@: no status effects
A: talons 1, icy blue scales 1, spiny 1, magic shield
a: Heroism, Finesse, Renounce Religion


You were on level 2 of the Lair of Beasts.
You worshipped Okawaru.
Okawaru was extremely pleased with you.
You were not hungry.

You visited 3 branches of the dungeon, and saw 13 of its levels.

You collected 581 gold pieces.

Inventory:

Hand Weapons
 a - a +1 vampiric war axe
 e - a +4 hand axe of electrocution
 D - a +2 trident of flaming (weapon)
 I - a +2 arbalest of velocity
Missiles
 d - 3 throwing nets (quivered)
Armour
 c - a +0 helmet (worn)
 s - a +0 buckler (worn)
 t - a +3 leather armour
 v - a +2 leather armour of cold resistance
 x - the +6 scale mail "Siceutieb" (worn) {Dex+4 Stlth+}
   (Okawaru gifted it to you on level 9 of the Dungeon)

   It affects your dexterity (+4).
   It makes you more stealthy.
 J - a +0 cloak (worn)
Jewellery
 k - a ring of positive energy (left hand)
 m - an uncursed amulet of harm
 n - an uncursed ring of protection from cold
 u - a +3 ring of dexterity (right hand)
 w - an uncursed ring of flight
 A - an uncursed ring of fire
Wands
 q - a wand of confusion (42/48)
 r - a wand of flame (13/48)
 y - a wand of iceblast (1/15)
 z - a wand of iceblast (10/15)
 F - a wand of lightning (11/15)
Scrolls
 b - a scroll of remove curse
 h - a scroll of brand weapon
 i - 6 scrolls of teleportation
 j - a scroll of fog
 o - 3 scrolls of magic mapping
 p - a scroll of fear
Potions
 B - a potion of agility
 E - a potion of mutation {unknown}
 G - a potion of resistance
Miscellaneous
 C - 2 boxes of beasts
Comestibles
 f - 5 bread rations
 g - 6 meat rations
 H - 2 fruits
 K - a royal jelly


   Skills:
 + Level 7.8 Fighting
 + Level 10.5(10.7) Axes
 + Level 2.2(7.1) Polearms
 + Level 1.9 Throwing
 + Level 6.5 Armour
 + Level 6.3 Dodging
 + Level 7.7 Stealth
 + Level 3.1 Shields
 + Level 1.2 Evocations


You had 10 spell levels left.
You didn't know any spells.

Dungeon Overview and Level Annotations

Branches:
Dungeon (10/15)            Temple (1/1) D:4            Lair (2/6) D:10
 Shoals (0/4) Lair:2
  Snake: Lair:2-4    Spider: Lair:2-4       Orc: D:9-12

Altars:
Elyvilon
Fedhas
Hepliaklqana
Nemelex Xobeh
Okawaru
Sif Muna
Uskayaw

Annotations:
D:9 Erolcha
D:10 Patate's ghost, novice MiBe


Innate Abilities, Weirdness & Mutations

You have sharp toenails.
You are partially covered in icy blue scales. (AC +2)
You are partially covered in sharp spines.
When hurt, damage is shared between your health and your magic reserves.


Message History

* * * LOW HITPOINT WARNING * * *
Your surroundings suddenly seem different.
An electric eel comes into view.
The electric eel shoots out a bolt of lightning at you!
The bolt of electricity hits you!
* * * LOW HITPOINT WARNING * * *
Found a scroll of fog.
You feel better.
The electric eel shoots out a bolt of lightning at you!
The bolt of electricity hits you!
The electric eel shoots out a bolt of lightning at you!
The bolt of electricity hits you!
* * * LOW HITPOINT WARNING * * *
You see here a scroll of fog.
You open the door.
A snapping turtle comes into view.
Found a staircase to the Shoals.
The electric eel shoots out a bolt of lightning at you!
The bolt of electricity hits you!
You die...

....# ##....#.## ....#
##........# ..###
#≈≈.......## ..##
#≈≈≈≈≈≈≈#.P# ...##
≈≈≈≈≈D≈≈≈.?## ...P###
≈≈#####D≈≈..#
.....P#≈≈≈##...##;≈.##
........≈≈#.....#≈≈.P#
.######≈≈≈#..>..@...##
## #≈D#.....#≈≈≈# #
#≈≈##..t##≈≈≈# #
≈≈≈#####≈≈≈##
≈≈≈≈≈≈≈≈≈## #
≈≈≈≈≈≈≈≈# # #≈...≈###
# #....## #### ##....#


You could see a snapping turtle (wandering) and an electric eel.

Vanquished Creatures
  2 two-headed ogres
  Urug (Lair:2)
  Pikel (D:9)
  The ghost of CalmDownMonkey the Spear-Bearer, a novice MfGl of Okawaru (D:5)
  A black mamba (Lair:1)
  5 spiny frogs
  5 komodo dragons
  A polar bear (Lair:2)
  Prince Ribbit (D:8)
  4 hippogriffs
  4 yaks
  A wyvern (D:9)
  A hungry ghost (D:8)
  Menkaure (D:4)
  3 water moccasins
  3 orc warriors
  8 porcupines
  An ice beast (D:9)
  A black bear (D:10)
  A phantom (D:8)
  A slave (D:9)
  12 wolves
  6 ogres
  A centaur (D:7)
  A crocodile (Lair:1)
  2 bullfrogs
  A wyvern zombie (D:7)
  6 scorpions
  2 howler monkeys
  2 wights (D:9)
  2 crimson imps
  14 orc wizards
  A bullfrog skeleton (D:9)
  3 orc priests
  4 hounds
  2 jellies
  5 worker ants
  Terence (D:3)
  3 iguanas
  A howler monkey zombie (D:5)
  8 adders
  4 gnolls (D:9)
  An adder skeleton (D:5)
  3 worms
  2 dart slugs (D:1)
  4 leopard geckos
  30 orcs
  7 bats
  6 giant cockroaches
  5 goblins
  9 hobgoblins
  6 jackals
  2 quokkas (D:6)
  A ball python (D:3)
  6 frilled lizards
  6 kobolds
  A leopard gecko skeleton (D:6)
  9 rats
  A fungus (D:10)
  4 plants
231 creatures vanquished.

Vanquished Creatures (others)
  3 slaves (D:9)
  3 wights (D:9)
  A hound (D:9)
  A fungus (Lair:1)
  A plant (Lair:1)
9 creatures vanquished.

Grand Total: 240 creatures vanquished

Notes
Turn   | Place    | Note
-------+----------+-------------------------------------------
     0 | D:1      | Liatris the Demonspawn Gladiator began the quest for the Orb.
     0 | D:1      | Reached XP level 1. HP: 16/16 MP: 1/1
   127 | D:1      | Gained mutation: You have sharp toenails. [demonic ancestry]
   127 | D:1      | Reached XP level 2. HP: 22/22 MP: 2/2
   208 | D:1      | Reached skill level 3 in Axes
   608 | D:1      | Gained mutation: You are partially covered in sharp spines. [demonic ancestry]
   608 | D:1      | Reached XP level 3. HP: 27/27 MP: 3/3
  1165 | D:2      | Reached XP level 4. HP: 34/34 MP: 4/4
  1485 | D:3      | Reached skill level 1 in Armour
  1491 | D:3      | Reached skill level 1 in Stealth
  1726 | D:3      | Noticed Terence
  1729 | D:3      | Killed Terence
  1729 | D:3      | Gained mutation: When hurt, damage is shared between your health and your magic reserves. [demonic ancestry]
  1729 | D:3      | Reached XP level 5. HP: 40/40 MP: 5/5
  1963 | D:4      | Found a staircase to the Ecumenical Temple.
  1976 | Temple   | Entered the Ecumenical Temple
  2007 | Temple   | Became a worshipper of Warmaster Okawaru
  2081 | D:4      | Found a white marble altar of Elyvilon.
  2147 | D:4      | Reached skill level 4 in Axes
  2187 | D:4      | Noticed Menkaure
  2201 | D:5      | Entered Level 5 of the Dungeon
  2208 | D:5      | Noticed CalmDownMonkey's ghost (novice MfGl)
  2308 | D:5      | Gained mutation: You are partially covered in icy blue scales. (AC +2) [demonic ancestry]
  2308 | D:5      | Reached XP level 6. HP: 18/47 MP: 3/6
  2816 | D:4      | Killed Menkaure
  2816 | D:4      | Reached * piety under Okawaru
  2816 | D:4      | Reached skill level 5 in Axes
  2864 | D:4      | Reached XP level 7. HP: 52/52 MP: 7/7
  3503 | D:5      | Killed CalmDownMonkey's ghost
  3503 | D:5      | Reached ** piety under Okawaru
  3503 | D:5      | Reached skill level 6 in Axes
  3503 | D:5      | Reached XP level 8. HP: 18/60 MP: 3/8
  3877 | D:6      | Reached skill level 1 in Evocations
  4299 | D:6      | Reached *** piety under Okawaru
  4761 | D:7      | Reached skill level 7 in Axes
  4895 | D:7      | Reached XP level 9. HP: 67/67 MP: 9/9
  4964 | D:7      | Reached skill level 5 in Fighting
  6191 | D:8      | Reached **** piety under Okawaru
  6191 | D:8      | Reached skill level 5 in Dodging
  6222 | D:8      | Noticed a two-headed ogre
  6242 | D:8      | Killed a two-headed ogre
  6242 | D:8      | Reached skill level 8 in Axes
  6242 | D:8      | Reached skill level 5 in Stealth
  6242 | D:8      | Reached skill level 1 in Shields
  6598 | D:8      | Noticed Prince Ribbit
  6609 | D:8      | Killed Prince Ribbit
  6645 | D:8      | Reached ***** piety under Okawaru
  6900 | D:9      | Reached XP level 10. HP: 70/76 MP: 8/10
  7029 | D:9      | Received a gift from Okawaru
  7170 | D:9      | Noticed Pikel
  7186 | D:9      | Killed Pikel
  7186 | D:9      | Reached skill level 9 in Axes
  7196 | D:9      | Received a gift from Okawaru
  7197 | D:9      | Got a shimmering scale mail {god gift}
  7208 | D:9      | Identified the +6 scale mail "Siceutieb" {Dex+4 Stlth+} (Okawaru gifted it to you on level 9 of the Dungeon)
  7369 | D:9      | Noticed Erolcha
  7565 | D:10     | Entered Level 10 of the Dungeon
  7692 | D:10     | Noticed a two-headed ogre
  7709 | D:10     | Killed a two-headed ogre
  7762 | D:10     | Noticed Patate's ghost (novice MiBe)
  7767 | D:10     | Found a staircase to the Lair.
  7777 | Lair:1   | Entered Level 1 of the Lair of Beasts
  8083 | Lair:1   | Reached skill level 5 in Armour
  8275 | Lair:1   | Noticed a black mamba
  8286 | Lair:1   | Killed a black mamba
  8486 | Lair:1   | Noticed a spiny frog
  8499 | Lair:1   | Noticed a spiny frog
  8499 | Lair:1   | Killed a spiny frog
  8499 | Lair:1   | Reached XP level 11. HP: 64/84 MP: 9/11
  8938 | Lair:1   | Reached skill level 10 in Axes
  9124 | Lair:2   | Noticed Urug
  9137 | Lair:2   | Killed Urug
  9249 | Lair:2   | Received a gift from Okawaru
  9523 | Lair:2   | Noticed a seven-headed hydra
  9764 | Lair:2   | Noticed an eight-headed hydra
 10278 | Lair:1   | Reached skill level 1 in Polearms
 10684 | Lair:2   | HP: 4/86 [electric eel/bolt of electricity (3)]
 10696 | Lair:2   | Found a staircase to the Shoals.
 10697 | Lair:2   | Killed from afar by an electric eel

Skill      XL: |  1  2  3  4  5  6  7  8  9 10 11 |
---------------+----------------------------------+-----
Axes           | 3 4 5 6 7 8 9 10 | 10.5
Dodging        | 3 4 5 6 |  6.3
Armour         | 1 2 3 4 5 6 |  6.5
Stealth        | 1 2 4 5 7 |  7.7
Fighting       | 3 4 6 7 |  7.8
Evocations     | 1 |  1.2
Shields        | 1 2 3 |  3.1
Polearms       | 2 |  2.2
Throwing       | |  1.9

Action                   |  1- 3 |  4- 6 |  7- 9 | 10-12 || total
-------------------------+-------+-------+-------+-------++-------
Melee: War axe           |     8 |       |       |       ||     8
       Hand axe          |    58 |    75 |   188 |   160 ||   481
       Kick              |    10 |    17 |    53 |   103 ||   183
       Trident           |       |       |       |    66 ||    66
Evoke: Wand              |       |     3 |       |     5 ||     8
  Use: Scroll            |     6 |     6 |    14 |     7 ||    33
       Potion            |     6 |     6 |     3 |     4 ||    19
 Stab: Sleeping          |     1 |     2 |     5 |    13 ||    21
       Confused          |       |     1 |       |       ||     1
       Invisible         |       |       |     5 |       ||     5
  Eat: Meat ration       |     1 |       |     1 |     2 ||     4
       Bread ration      |       |     1 |     2 |       ||     3
       Royal jelly       |       |       |     1 |     1 ||     2
Armor: Leather armour    |    18 |    11 |    33 |     6 ||    68
       Scale mail        |       |       |       |    59 ||    59
Dodge: Dodged            |    54 |    50 |    99 |   115 ||   318
Block: Buckler           |       |       |    12 |    61 ||    73
